Map: Odyssey LE

Players

KappaRoss - Winner!

  • Race: Terran Terran
  • League: Diamond
  • Spawn Location: 11:00

KillJoy

  • Race: Zerg Zerg
  • League: Diamond
  • Spawn Location: 5:00

VOD

https://www.youtube.com/watch?v=jzoixsf3yJQ

Description

Time

  • Played on: Dec. 28, 2017, 9:03 p.m.
  • Length: 9:06
Show
View Real Time Build Order
Export as new Build Order

KappaRoss Terran - Winner!

Build Orders: Reaper Expand, MMM Bio 

Get SALT Encoding   

  12  0:00  SCV  
  13  0:13  SCV  
  14  0:18  Supply Depot  
  14  0:25  SCV  
  15  0:40  SCV  
  15  0:41  Barracks  
  16  0:45  Refinery  
  16  0:52  SCV  
  18  1:04  SCV  
  18  1:16  SCV  
  19  1:29  Orbital Command  
  19  1:31  Reaper  
  20  1:44  Command Center  
  20  1:55  SCV  
  20  2:00  Barracks  
  21  2:04  Barracks Reactor  
  21  2:07  SCV  
  22  2:13  Supply Depot  
  22  2:20  SCV  
  23  2:24  Factory  
  23  2:30  Refinery  
  23  2:46  SCV, Marine x2  
  23  2:49  Barracks Tech Lab  
  26  2:57  Orbital Command  
  27  2:58  SCV  
  27  3:04  Marine x2  
  29  3:07  Stimpack  
  29  3:08  Marine  
  29  3:12  SCV  
  31  3:21  Starport  
  31  3:22  Marine  
  31  3:23  SCV  
  31  3:25  Marine  
  34  3:29  Factory Reactor  
  34  3:30  Marine  
  34  3:32  SCV  
  36  3:36  SCV  
  36  3:41  Supply Depot, Marine  
  37  3:43  Marine  
  37  3:46  SCV  
  40  3:50  Marine  
  40  3:52  SCV  
  42  3:57  Supply Depot  
  42  4:02  SCV  
  43  4:05  Supply Depot  
  43  4:06  Marine x2  
  45  4:12  Marine  
  45  4:14  Factory Reactor  
  46  4:17  Medivac x2  
  46  4:19  SCV x2  
  46  4:24  Marine x2  
  54  4:31  SCV, Marine  
  54  4:35  SCV  
  57  4:42  Marine  
  57  4:43  SCV, Marine  
  60  4:51  Command Center  
  60  4:56  SCV x2  
  60  4:59  Engineering Bay  
  62  5:00  Refinery, Engineering Bay  
  62  5:01  Refinery  
  62  5:03  Medivac  
  62  5:05  Widow Mine  
  68  5:07  Widow Mine  
  68  5:14  Combat Shields, Marine x2  
  70  5:29  Terran Infantry Weapons Level 1  
  70  5:51  SCV  
  70  5:52  SCV, Marine  
  70  5:53  Marine x2  
  70  6:00  Barracks  
  70  6:01  Barracks  
  70  6:02  Medivac x2, Widow Mine  
  70  6:03  SCV  
  70  6:04  SCV  
  78  6:06  Terran Infantry Armor Level 1  
  78  6:07  Barracks  
  78  6:10  Marine  
  79  6:13  Orbital Command  
  79  6:16  SCV  
  80  6:19  Marine  
  80  6:25  Marine  
  81  6:27  Widow Mine  
  81  6:28  Marine  
  71  6:40  Supply Depot  
  71  6:46  Marine x2  
  60  7:01  Barracks Reactor x2  
  60  7:02  Barracks Reactor  
  60  7:03  Marine  
  60  7:04  Marine x2  
  60  7:05  SCV x3  
  60  7:06  Supply Depot  
  62  7:21  Marine x2  
  62  7:22  Marine  
  61  7:24  SCV  
  60  7:30  SCV  
  60  7:33  SCV  
  62  7:40  Marine x2  
  62  7:41  SCV  
  65  7:44  SCV  
  65  7:50  Marine  
  65  7:51  Marauder, Marine x3  
  68  7:53  SCV  
  68  7:57  SCV  
  75  7:58  SCV, Armory  
  75  8:13  Marauder, Marine x2  
  75  8:14  Marine x4  
  75  8:15  Marine  
  75  8:16  Widow Mine  
  75  8:17  Widow Mine  
  88  8:23  Marine  
  88  8:24  Medivac  
  88  8:25  Medivac  
  93  8:34  Orbital Command  
  93  8:35  Supply Depot  
  93  8:37  Supply Depot  
  93  8:44  Marine x3  
  93  8:45  Marauder  
  93  8:46  Marine x2  
  101  9:02  Supply Depot  
Show
View Real Time Build Order
Export as new Build Order

KillJoy Zerg 

Build Orders: Hatch First 

Get SALT Encoding   

  12  0:01  Drone  
  13  0:13  Overlord  
  13  0:17  Drone  
  14  0:31  Drone x2  
  14  0:35  Drone  
  17  0:54  Hatchery  
  16  0:58  Drone  
  16  1:00  Extractor  
  16  1:02  Drone  
  17  1:16  Spawning Pool  
  16  1:22  Drone  
  16  1:24  Drone  
  18  1:29  Drone  
  19  1:41  Overlord  
  19  2:02  Metabolic Boost  
  19  2:03  Queen  
  19  2:05  Zergling x2  
  19  2:06  Queen  
  24  2:12  Drone  
  25  2:17  Drone x2  
  25  2:20  Drone  
  28  2:24  Zergling x2  
  28  2:29  Drone  
  28  2:48  Drone x3  
  32  2:58  Drone x2  
  32  3:04  Drone  
  34  3:17  Hatchery  
  33  3:20  Drone x3  
  33  3:22  Overlord  
  36  3:40  Baneling Nest  
  35  3:42  Zergling x4  
  35  3:43  Zergling x8  
  41  3:56  Spore Crawler  
  41  3:58  Spore Crawler  
  39  4:04  Zergling x10  
  39  4:07  Overlord  
  39  4:09  Overlord  
  44  4:32  Queen  
  44  4:35  Zergling x2  
  44  4:36  Zergling x16  
  55  4:52  Overlord  
  55  4:53  Overlord  
  55  4:55  Drone x4  
  55  4:57  Extractor  
  58  5:06  Baneling  
  58  5:07  Baneling x16  
  58  5:10  Zergling x10  
  58  5:11  Zergling x2  
  64  5:18  Overlord  
  61  5:49  Hatchery  
  57  5:56  Zergling x20  
  59  6:14  Lair  
  59  6:16  Drone x4  
  63  6:21  Evolution Chamber  
  63  6:24  Evolution Chamber  
  61  6:29  Zergling x6  
  50  6:45  Zergling x2  
  50  6:46  Zergling x14  
  57  6:51  Baneling x6  
  44  7:09  Zergling x2  
  44  7:10  Zergling x6  
  41  7:24  Zergling x6  
  43  7:35  Spire  
  42  7:39  Centrifical Hooks  
  42  7:40  Hatchery  
  42  7:41  Drone x6  
  48  7:51  Queen  
  50  8:00  Zergling x8  
  50  8:01  Zergling x4  
  56  8:08  Baneling x6  
  56  8:09  Baneling x2  
  56  8:20  Extractor  
  56  8:21  Extractor  
  56  8:25  Overlord x4  
  56  8:46  Drone x9  
  56  8:47  Drone  
Tags
 
Add a new tag
Caveats
  • Supply blocks, unpowered buildings, or Contaminate may cause inaccurate times.
  • Supply counts are checked every 10 seconds.